 Dungeon Sprint DCSS version 0.28.0-43-g3370ac3207 (webtiles) character file.

Game seed: 9666054358832960669

972 boopmooplesden the Cleaver (level 7, -15/118 HPs)
             Began as a Minotaur Berserker on Mar 13, 2022.
             Was a High Priest of Trog.
             Demolished by a shadow (17 damage)
             ... in the Dungeon (Sprint III: "The Ten Rune Challenge").
             The game lasted 00:01:50 (1015 turns).

boopmooplesden the Cleaver (Minotaur Berserker)     Turns: 1015, Time: 00:01:51

Health: -15/118    AC: -1    Str: 21    XL:     7   Next: 94%
Magic:  6/6        EV: 14    Int:  4    God:    Trog [*****.]
Gold:   27         SH:  0    Dex: 12    Spells: 6/6 levels left

rFire   . . .      SeeInvis .   a - +0 hand axe
rCold   . . .      Faith    .   (no shield)
rNeg    . . .      Spirit   .   n - +0 leather armour
rPois   .          Reflect  .   (helmet restricted)
rElec   .          Harm     .   (no cloak)
rCorr   .          Rampage  .   (no gloves)
Will    .....      NoTele   +   (no boots)
Stlth   ..........              (no amulet)
HPRegen 0.29/turn               (no ring)
MPRegen 0.10/turn               (no ring)

@: berserking, corroded, very quick
A: horns 2, retaliatory headbutt, deformed body
a: Renounce Religion, Berserk, Trog's Hand, Brothers in Arms


You were in the Dungeon.
You worshipped Trog.
Trog was extremely pleased with you.
You visited 1 branch You collected 27 gold pieces.

Inventory:

Hand Weapons
 a - a +0 hand axe (weapon)
 l - a +0 long sword of holy wrath
Armour
 b - a +0 animal skin
 n - a +0 leather armour (worn)
Scrolls
 h - a scroll of blinking
 i - 2 scrolls of immolation {unknown}
 j - 3 scrolls of identify
Potions
 c - 2 potions of curing
 d - a potion of heal wounds
 e - a potion of haste
 f - 2 potions of magic
 g - a potion of berserk rage
 k - 2 potions of flight {unknown}
 m - a potion of might


   Skills:
 + Level 13.2 Fighting
 + Level 14.1 Axes
 + Level 6.3 Armour
 + Level 6.2 Dodging


You had 6 spell levels left.
You didn't know any spells.
Your spell library was empty.

Dungeon Overview and Level Annotations

Branches:
Dungeon (1/1)

Altars:
Dithmenos
Elyvilon
Kikubaaqudgha
Okawaru
Ru
Sif Muna
Trog
Uskayaw
Vehumet
Wu Jian
Yredelemnul
Zin
The Shining One
Beogh


Innate Abilities, Weirdness & Mutations

You have a pair of horns on your head.
You reflexively headbutt those who attack you in melee.
Armour fits poorly on your strangely shaped body.


Message History

You hit something. You hit the jelly.
Your hands burn!
The jelly hits you. The acid corrodes you!
You are splashed with acid!
The shadow strikes at you from the darkness!
Reactivating autopickup.
You slash the jelly!
You kill the jelly!
Trog accepts your kill.
Trog will now gift you melee weapons as you gain piety.
You hit the shadow but do no damage.
The shadow slips into darkness.
The shadow flickers and vanishes!
Deactivating autopickup; reactivate with Ctrl-A.
You hit something but do no damage. Your headbutt misses something.
You hit something.
The shadow strikes at you from the darkness!
Reactivating autopickup.
You hit the shadow.
You headbutt the shadow, but do no damage.
The shadow is severely damaged.
You hit the shadow.
The shadow is almost destroyed.
The shadow slips into darkness.
The shadow flickers and vanishes!
Deactivating autopickup; reactivate with Ctrl-A.
You hit something but do no damage. Your headbutt misses something.
The shadow strikes at you from the darkness!
* * * LOW HITPOINT WARNING * * *
Reactivating autopickup.
You closely miss the shadow.
The shadow is almost destroyed.
You hit the shadow but do no damage.
You headbutt the shadow, but do no damage.
The shadow is almost destroyed.
The shadow slips into darkness.
The shadow flickers and vanishes!
Deactivating autopickup; reactivate with Ctrl-A.
A red film seems to cover your vision as you go berserk!
You feel yourself moving faster!
You feel mighty!
The shadow strikes at you from the darkness!
You die...

▓▓▓
##.############
####..#___#___#__#
#..#..#...#__)#._#
#..#..###'#†###)##
##'#..#..........#
###...'.⌠...)....#
###...#...######@#
##....#.⌠.# _#.{.#
#.....#...#_ #...#
......#'### #...#
#.....#.):# #...+
##....#___# +...#
▓▓▓▓▓▓▓▓▓▓* ▓▓▓▓▓
* ≈ + *


There were no monsters in sight!

Vanquished Creatures
  A deep elf pyromancer (D)
  A necrophage (D)
  A water elemental (D)
  A jelly (D)
  Jessica (D)
  A wizard (D)
  A necromancer (D)
  3 humans (D)
  A kobold demonologist (D)
  A phantom (D)
  An endoplasm (D)
  A rat (D)
14 creatures vanquished.

Notes
Turn   | Place    | Note
-------+----------+-------------------------------------------
     0 | D        | boopmooplesden the Minotaur Berserker began the quest for
                  | the Orb.
     0 | D        | Reached XP level 1. HP: 19/19 MP: 0/0
    16 | D        | Reached skill level 4 in Axes
   203 | D        | Noticed Jessica
   209 | D        | Killed Jessica
   209 | D        | Reached ** piety under Trog
   210 | D        | Reached skill level 5 in Fighting
   210 | D        | Reached skill level 5 in Axes
   210 | D        | Reached XP level 2. HP: 3/30 MP: 1/1
   491 | D        | Reached XP level 3. HP: 37/37 MP: 2/2
   495 | D        | Reached skill level 6 in Axes
   514 | D        | Gained mutation: You are strong-willed. (Will+) [potion of
                  | mutation]
   515 | D        | Lost mutation: You are strong-willed. (Will+) [potion of
                  | mutation]
   515 | D        | Gained mutation: You are robust. (+10% HP) [potion of
                  | mutation]
   516 | D        | Lost mutation: You are robust. (+10% HP) [potion of
                  | mutation]
   516 | D        | Gained mutation: Your spells are a little harder to cast,
                  | but a little more powerful. [potion of mutation]
   516 | D        | Gained mutation: You have a pair of large horns on your
                  | head. [potion of mutation]
   517 | D        | Lost mutation: Your spells are a little harder to cast, but
                  | a little more powerful. [potion of mutation]
   517 | D        | Lost mutation: You have a pair of large horns on your head.
                  | [potion of mutation]
   517 | D        | Gained mutation: You are frail. (-10% HP) [potion of
                  | mutation]
   518 | D        | Lost mutation: You are frail. (-10% HP) [potion of
                  | mutation]
   518 | D        | Gained mutation: You are weak. (Str -2) [potion of
                  | mutation]
   518 | D        | Gained mutation: You passively map a small area around you.
                  | [potion of mutation]
   519 | D        | Lost mutation: You are weak. (Str -2) [potion of mutation]
   519 | D        | Lost mutation: You passively map a small area around you.
                  | [potion of mutation]
   519 | D        | Gained mutation: Armour fits poorly on your strangely
                  | shaped body. [potion of mutation]
   545 | D        | Noticed a water elemental
   549 | D        | Killed a water elemental
   550 | D        | Reached skill level 8 in Axes
   550 | D        | Reached XP level 4. HP: 47/47 MP: 3/3
   728 | D        | Found a radiant altar of Vehumet.
   728 | D        | Found a shimmering blue altar of Sif Muna.
   728 | D        | Found an ancient bone altar of Kikubaaqudgha.
   728 | D        | Noticed a wizard
   736 | D        | Reached *** piety under Trog
   747 | D        | Killed a wizard
   748 | D        | Reached XP level 5. HP: 33/56 MP: 4/4
   865 | D        | Found a glowing silver altar of Zin.
   865 | D        | Found a glowing golden altar of the Shining One.
   865 | D        | Found a white marble altar of Elyvilon.
   867 | D        | Noticed a deep elf pyromancer
   870 | D        | Noticed a fire elemental
   870 | D        | Noticed a fire elemental
   870 | D        | Killed a deep elf pyromancer
   870 | D        | Reached **** piety under Trog
   871 | D        | Reached skill level 12 in Axes
   871 | D        | Reached skill level 5 in Armour
   871 | D        | Reached skill level 5 in Dodging
   871 | D        | Reached XP level 6. HP: 70/70 MP: 5/5
   871 | D        | Reached XP level 7. HP: 75/75 MP: 6/6
   910 | D        | Found a hide-covered altar of Uskayaw.
   910 | D        | Found an iron altar of Okawaru.
   910 | D        | Found a bloodstained altar of Trog.
   910 | D        | Found an ornate altar of the Wu Jian Council.
   910 | D        | Noticed a human
   910 | D        | Noticed a human
   914 | D        | Killed a human
   915 | D        | Reached skill level 13 in Axes
   920 | D        | Killed a human
   957 | D        | Found a basalt altar of Yredelemnul.
   957 | D        | Found a shadowy altar of Dithmenos.
   957 | D        | Found a sacrificial altar of Ru.
   961 | D        | Reached skill level 14 in Axes
   999 | D        | Noticed a shadow
  1007 | D        | Reached ***** piety under Trog
  1012 | D        | HP: 1/79 [something (27)]
  1015 | D        | Demolished by a shadow

Illustrated notes

Levels and vault maps discovered:
D:        dungeon_sprint_mu [sprint_mu_entry_cave, sprint_mu_temple_rooms,
          sprint_mu_d1_spiders, sprint_mu_d2_genie, sprint_mu_d3_branching,
          sprint_mu_orc_legion, sprint_mu_elf_gauntlet, sprint_mu_hive_nellie,
          sprint_mu_lair_fedhas, sprint_mu_vaults_butterflies,
          sprint_mu_slime_circle, sprint_mu_swamp_cave, sprint_mu_snake_twists,
          sprint_mu_blade_basic, sprint_mu_crypt_lich, sprint_mu_tomb_spiral,
          sprint_mu_vestibule_basic, sprint_mu_gehenna_hellfire,
          sprint_mu_dis_giant, sprint_mu_tartarus_statrot,
          sprint_mu_cocytus_islands, sprint_mu_zot1]

Skill      XL: |  1  2  3  4  5  6  7 |
---------------+----------------------+-----
Fighting       | 5 7 8 11 13 | 13.2
Axes           | 5 8 12 14 | 14.1
Armour         | 3 4 5 6 |  6.3
Dodging        | 3 4 5 6 |  6.2

Action                   |  1- 3 |  4- 6 |  7- 9 || total
-------------------------+-------+-------+-------++-------
Melee: Hand axe          |    15 |    11 |    28 ||    54
       Headbutt          |     4 |     3 |     8 ||    15
       Punch             |       |       |     1 ||     1
Invok: Berserk           |     3 |     2 |     3 ||     8
  Use: Scroll            |     1 |       |       ||     1
       Potion            |     6 |       |       ||     6
Armor: Animal skin       |     1 |       |       ||     1
Dodge: Dodged            |    10 |     1 |     1 ||    12
